 Dungeon Crawl Stone Soup version 0.22.0-27-ga576289 (webtiles) character file.

25790 iamserjio the Grappler (level 12, -7/122 HPs)
             Began as a Troll Fighter on Aug 22, 2018.
             Was the Champion of Cheibriados.
             Mangled by a two-headed ogre
             ... wielding a +0 giant club
              (10 damage)
             ... on level 2 of the Orcish Mines.
             The game lasted 00:36:23 (3927 turns).

iamserjio the Grappler (Troll Fighter)              Turns: 3927, Time: 00:36:24

Health: -7/122     AC: 13    Str: 42    XL:     12   Next: 92%
Magic:  24/24      EV: 11    Int: 28    God:    Cheibriados [******]
Gold:   1244       SH: 24    Dex: 24    Spells: 11/11 levels left

rFire    . . .     SeeInvis .     - Unarmed
rCold    + . .     Gourm    +   q - +2 large shield {rPois}
rNeg     . . .     Faith    .   E - +1 robe {rC+}
rPois    +         Spirit   .   j - +3 hat of Pondering {ponderous, MR+ MP+10 Int+5}
rElec    .         Reflect  .   (no cloak)
rCorr    .         Harm     .   (gloves unavailable)
MR       +....                  (boots unavailable)
Stlth    ++........             (no amulet)
HPRegen  0.70/turn              i - +4 ring of protection
MPRegen  0.19/turn              (no ring)

@: very slow
A: large, unfitting armour, claws 3, fast metabolism 3, gourmand, regeneration
1, shaggy fur 1, tough skin 2
a: Bend Time, Temporal Distortion, Slouch, Step From Time, Renounce Religion


You were on level 2 of the Orcish Mines.
You worshipped Cheibriados.
Cheibriados was exalted by your worship.
You were full.

You visited 3 branches of the dungeon, and saw 15 of its levels.

You collected 1433 gold pieces.
You spent 189 gold pieces at shops.

Inventory:

Hand Weapons
 f - a +0 antimagic scythe
 p - a +3 flail of draining
 w - a +1 broad axe of electrocution
Missiles
 v - 3 silver tomahawks
 D - 3 large rocks (quivered)
Armour
 a - a +0 robe
 b - a +2 shield
 c - a +2 robe of the Archmagi
 j - the +3 hat of Pondering (worn) {ponderous, MR+ MP+10 Int+5}
   (You took it off Gastronok on level 8 of the Dungeon)

   It affects your intelligence (+5).
   It affects your resistance to hostile enchantments.
   It affects your magic capacity (+10).
 q - a +2 large shield of poison resistance (worn)
 E - a +1 robe of cold resistance (worn)
Magical Staves
 m - an uncursed staff of fire
Jewellery
 i - a +4 ring of protection (left claw)
 B - an uncursed ring of ice
Wands
 o - a wand of flame (29)
 r - a wand of polymorph (17)
Scrolls
 g - a scroll of noise
 k - a scroll of random uselessness {unknown}
 l - a scroll of enchant weapon
 s - a scroll of amnesia
 x - a scroll of blinking {unknown}
 y - a scroll of immolation
 z - a scroll of fear {unknown}
 A - 4 scrolls of remove curse {@r2}
 C - a scroll of brand weapon {unknown}
 F - a scroll of vulnerability {unknown}
Potions
 e - 2 potions of brilliance
 h - 2 potions of curing {@q1}
 n - a potion of berserk rage
Miscellaneous
 t - a phantom mirror
 u - a sack of spiders
Comestibles
 d - 13 rations


   Skills:
 + Level 8.7 Fighting
 + Level 3.9 Dodging
 + Level 9.8 Shields
 + Level 14.7 Unarmed Combat
 + Level 4.0 Invocations


You had 11 spell levels left.
You didn't know any spells.
Your spell library was empty.

Dungeon Overview and Level Annotations

Branches:
Dungeon (12/15)            Temple (1/1) D:5            Lair (0/6) D:10
    Orc (2/2) D:12            Elf (0/3) Orc:2

Altars:
Ashenzari
Cheibriados
Dithmenos
Fedhas
Gozag
Okawaru
Ru
Uskayaw
Xom
Zin
The Shining One
Beogh

Shops:
D:4 *   D:12 ([   Orc:1 **

Annotations:
D:10 3 runed doors, exclusion: obsidian statue, zapotec's ghost, novice MiFi
Orc:1 3 runed doors, exclusion: obsidian statue, CcS's ghost, journeyman MiBe


Innate Abilities, Weirdness & Mutations

You are too large for most types of armour.
You have claws for hands.
Your metabolism is lightning-fast.
You like to eat raw meat.
Your natural rate of healing is unusually fast.
You are covered in fur. (AC +1)
You have very tough skin. (AC +2)


Message History

The two-headed ogre is severely wounded.
The two-headed ogre hits you with a giant club.
* * * LOW HITPOINT WARNING * * *
You block the two-headed ogre's attack. x3
The ogre hits you with a giant club!
* * * LOW HITPOINT WARNING * * *
The two-headed ogre hits you but does no damage.
The two-headed ogre hits you with a giant club!
* * * LOW HITPOINT WARNING * * *
The two-headed ogre barely misses you.
The two-headed ogre hits you with a giant club!!
* * * LOW HITPOINT WARNING * * *
Okay, then.
Unknown command.
Okay, then.
You fail to use your ability.
You block the two-headed ogre's attack. x2
The two-headed ogre closely misses you.
The two-headed ogre hits you with a giant club!
You die...

....... ....
.......## #....
........##.....
.......#......
#..........
#.......#
##.OO...##
#..O@....###
##..OO)...#.##
#............##
.......##.......##
......# ##.......##
...... ###......#
.$....#####......##
..$....#........##
##............##


You could see 4 two-headed ogres and an ogre.

Vanquished Creatures
  Gastronok (D:8)
  Snorg (D:12)
  Josephine (Orc:1)
  An ogre mage (Orc:2)
  Fannar (Orc:1)
  6 two-headed ogres
  3 orc high priests (Orc:2)
  An orc knight (Orc:2)
  3 ugly things
  An orc sorcerer (Orc:2)
  2 cyclopes
  2 manticores (D:12)
  A kobold demonologist (D:12)
  5 trolls
  A meliai (D:12)
  Grinder (D:5)
  A slime creature (D:12)
  A hippogriff (D:10)
  2 wyverns
  Sigmund (D:3)
  A vampire (D:10)
  5 yaks (D:10)
  4 wraiths (Orc:1)
  A basilisk (D:7)
  Eustachio (D:5)
  4 vampire mosquitoes (D:12)
  A hungry ghost (D:7)
  3 wargs (D:10)
  Edmund (D:5)
  A soldier ant (D:12)
  A water moccasin (D:9)
  Duvessa (D:5)
  27 orc warriors
  A sky beast (D:12)
  An eye of draining (D:12)
  An ice beast (D:4)
  3 phantoms
  A necrophage (D:12)
  An ogre (Orc:1)
  6 centaurs
  4 big kobolds
  4 bullfrogs
  Dowan (D:5)
  2 wyvern skeletons
  5 crimson imps
  3 hounds
  25 orc priests
  6 jellies
  A bullfrog skeleton (D:12)
  2 iguanas (D:7)
  5 worker ants
  15 orc wizards
  A worker ant zombie (D:10)
  8 adders
  A howler monkey skeleton (D:6)
  3 shadow imps
  An ooze (D:6)
  An adder skeleton (D:6)
  A worm (D:2)
  3 leopard geckos
  59 orcs
  2 bats (D:2)
  3 giant cockroaches
  2 goblins
  A hobgoblin (D:2)
  2 jackals (D:10)
  13 kobolds
  3 quokkas
  A frilled lizard (D:4)
  A jackal skeleton (D:4)
  A leopard gecko skeleton (D:8)
  A quokka skeleton (D:4)
  4 rats
286 creatures vanquished.

Vanquished Creatures (others)
  A jackal (D:10)
  2 fungi (D:6)
  8 toadstools (D:6)
11 creatures vanquished.

Grand Total: 297 creatures vanquished

Notes
Turn   | Place    | Note
-------+----------+-------------------------------------------
     0 | D:1      | iamserjio the Troll Fighter began the quest for the Orb.
     0 | D:1      | Reached XP level 1. HP: 22/22 MP: 0/0
   120 | D:2      | Reached XP level 2. HP: 27/29 MP: 1/1
   248 | D:3      | Noticed Sigmund
   260 | D:3      | Killed Sigmund
   260 | D:3      | Reached skill level 4 in Unarmed Combat
   260 | D:3      | Reached XP level 3. HP: 27/37 MP: 2/2
   260 | D:3      | Reached XP level 4. HP: 33/45 MP: 3/3
   260 | D:3      | Reached XP level 5. HP: 39/53 MP: 4/4
   305 | D:4      | Found Sopetsic's Elemental Accessories.
   361 | D:5      | Entered Level 5 of the Dungeon
   374 | D:5      | Found a staircase to the Ecumenical Temple.
   386 | Temple   | Entered the Ecumenical Temple
   403 | Temple   | Became a worshipper of Cheibriados the Contemplative
   454 | D:5      | Noticed Edmund
   468 | D:5      | Killed Edmund
   468 | D:5      | Reached skill level 5 in Unarmed Combat
   468 | D:5      | Reached XP level 6. HP: 25/61 MP: 5/5
   647 | D:4      | Noticed an ice beast
   655 | D:4      | Killed an ice beast
   655 | D:4      | Reached XP level 7. HP: 14/67 MP: 6/6
   722 | D:4      | Reached skill level 6 in Unarmed Combat
   771 | D:5      | Found a blossoming altar of Fedhas.
   786 | D:5      | Noticed Eustachio
   805 | D:5      | Killed Eustachio
   809 | D:5      | Noticed Dowan
   809 | D:5      | Noticed Duvessa
   811 | D:5      | Noticed Grinder
   819 | D:5      | Killed Duvessa
   829 | D:5      | Killed Dowan
   829 | D:5      | Reached skill level 7 in Unarmed Combat
   840 | D:5      | Killed Grinder
   840 | D:5      | Reached skill level 5 in Shields
   840 | D:5      | Reached XP level 8. HP: 22/75 MP: 7/7
   867 | D:5      | Reached * piety under Cheibriados
   992 | D:6      | Reached skill level 8 in Unarmed Combat
   997 | D:6      | Noticed a slime creature
   997 | D:6      | Noticed a slime creature
  1238 | D:7      | Found an iron altar of Okawaru.
  1300 | D:7      | Reached skill level 9 in Unarmed Combat
  1327 | D:8      | Noticed Gastronok
  1352 | D:8      | Killed Gastronok
  1352 | D:8      | Reached skill level 10 in Unarmed Combat
  1352 | D:8      | Reached XP level 9. HP: 87/87 MP: 8/8
  1406 | D:7      | Reached ** piety under Cheibriados
  1406 | D:7      | Reached skill level 5 in Fighting
  1483 | D:7      | Noticed a two-headed ogre
  1492 | D:7      | Reached skill level 11 in Unarmed Combat
  1492 | D:7      | Reached XP level 10. HP: 96/96 MP: 9/9
  1495 | D:7      | Killed a two-headed ogre
  1725 | D:9      | Reached *** piety under Cheibriados
  1728 | D:10     | Entered Level 10 of the Dungeon
  1775 | D:10     | Found a staircase to the Lair.
  1856 | D:10     | Found a runed gate.
  1857 | D:10     | Found an opulent altar of Gozag.
  1857 | D:10     | Noticed an obsidian statue
  1857 | D:10     | Noticed zapotec's ghost (novice MiFi)
  1863 | D:10     | Noticed a white ugly thing
  1868 | D:10     | Found a runed gate.
  1868 | D:10     | Found a runed gate.
  1889 | D:10     | Reached skill level 12 in Unarmed Combat
  2023 | D:9      | Found a shimmering altar of Xom.
  2059 | D:9      | Reached **** piety under Cheibriados
  2080 | D:9      | Found a shadowy altar of Dithmenos.
  2080 | D:9      | Found a shattered altar of Ashenzari.
  2086 | D:9      | Found a hide-covered altar of Uskayaw.
  2086 | D:9      | Found a glowing golden altar of the Shining One.
  2218 | D:10     | Reached XP level 11. HP: 95/107 MP: 10/10
  2259 | D:11     | Noticed a cyan ugly thing
  2270 | D:11     | Killed a cyan ugly thing
  2323 | D:11     | Reached ***** piety under Cheibriados
  2346 | D:11     | Noticed a two-headed ogre
  2368 | D:11     | Killed a two-headed ogre
  2508 | D:11     | Noticed a brown ugly thing
  2516 | D:11     | Killed a brown ugly thing
  2535 | D:12     | Reached skill level 13 in Unarmed Combat
  2663 | D:12     | Noticed a purple ugly thing
  2672 | D:12     | Killed a purple ugly thing
  2679 | D:12     | Noticed a two-headed ogre
  2685 | D:12     | Killed a two-headed ogre
  2886 | D:12     | Found a staircase to the Orcish Mines.
  2888 | D:12     | Found Ceiv's Weapon Shoppe.
  2888 | D:12     | Found Poyleik's Armour Shoppe.
  2891 | D:12     | Noticed a brown ugly thing
  2911 | D:12     | Noticed a two-headed ogre
  2919 | D:12     | Killed a two-headed ogre
  3031 | D:12     | Reached skill level 14 in Unarmed Combat
  3117 | D:12     | Reached XP level 12. HP: 107/118 MP: 11/11
  3140 | Orc:1    | Entered Level 1 of the Orcish Mines
  3140 | Orc:1    | Noticed Snorg
  3160 | D:12     | Killed Snorg
  3195 | Orc:1    | Noticed Fannar
  3197 | Orc:1    | Reached skill level 1 in Invocations
  3281 | Orc:1    | Killed Fannar
  3305 | Orc:1    | Found Xydob's Assorted Antiques.
  3313 | Orc:1    | Bought a scroll labeled TAMAUS YDOEQOH for 21 gold pieces
  3313 | Orc:1    | Bought 3 scrolls labeled SYOMERHO WESCH for 63 gold pieces
  3313 | Orc:1    | Bought a scroll of identify for 42 gold pieces
  3313 | Orc:1    | Bought a scroll of teleportation for 63 gold pieces
  3321 | Orc:1    | Noticed Josephine
  3350 | Orc:1    | Killed Josephine
  3377 | Orc:1    | Found a roughly hewn altar of Beogh.
  3385 | Orc:1    | Found a runed gate.
  3385 | Orc:1    | Found a runed gate.
  3389 | Orc:1    | Found a runed gate.
  3390 | Orc:1    | Found Kapezoi's Assorted Antiques.
  3390 | Orc:1    | Noticed CcS's ghost (journeyman MiBe)
  3391 | Orc:1    | Found an opulent altar of Gozag.
  3449 | Orc:2    | Entered Level 2 of the Orcish Mines
  3486 | Orc:2    | Found a staircase to the Elven Halls.
  3535 | Orc:2    | Reached ****** piety under Cheibriados
  3619 | Orc:2    | Noticed an orc high priest
  3627 | Orc:2    | Killed an orc high priest
  3728 | Orc:2    | Noticed an orc high priest
  3728 | Orc:2    | Noticed an orc high priest
  3738 | Orc:2    | Killed an orc high priest
  3743 | Orc:2    | Killed an orc high priest
  3750 | Orc:2    | Noticed an orc high priest
  3805 | Orc:1    | Found a roughly hewn altar of Beogh.
  3907 | Orc:2    | Noticed an ogre mage
  3907 | Orc:2    | Noticed a two-headed ogre
  3911 | Orc:2    | Noticed a two-headed ogre
  3911 | Orc:2    | Noticed a two-headed ogre
  3912 | Orc:2    | Noticed a two-headed ogre
  3912 | Orc:2    | Noticed a two-headed ogre
  3914 | Orc:2    | Noticed a two-headed ogre
  3915 | Orc:2    | Killed an ogre mage
  3917 | Orc:2    | Killed a two-headed ogre
  3923 | Orc:2    | Killed a two-headed ogre
  3926 | Orc:2    | HP: 2/122 [two-headed ogre/giant club (26)]
  3927 | Orc:2    | Mangled by a two-headed ogre

Skill      XL: |  1  2  3  4  5  6  7  8  9 10 11 12 |
---------------+-------------------------------------+-----
Fighting       | 3 4 5 6 7 8 |  8.7
Shields        | 3 4 5 6 8 9 |  9.8
Unarmed Combat | 4 5 7 10 11 12 14 | 14.7
Invocations    | 4 |  4.0
Dodging        | 3 |  3.9

Action                   |  1- 3 |  4- 6 |  7- 9 | 10-12 || total
-------------------------+-------+-------+-------+-------++-------
Melee: Unarmed           |    41 |    61 |   188 |   630 ||   920
Evoke: Wand              |       |       |       |     2 ||     2
       Sack of spiders   |       |       |       |     3 ||     3
       Box of beasts     |       |       |       |     1 ||     1
  Use: Potion            |       |       |     6 |     4 ||    10
       Scroll            |       |       |     8 |     6 ||    14
 Stab: Sleeping          |       |     1 |       |     2 ||     3
       Distracted        |       |       |     1 |     1 ||     2
  Eat: Chunk             |     3 |     4 |     7 |    20 ||    34
Armor: Robe              |    21 |    12 |    66 |   102 ||   201
       Skin              |       |       |     1 |    11 ||    12
Dodge: Dodged            |    24 |    17 |    61 |   103 ||   205
Block: Shield            |    18 |    23 |   100 |     3 ||   144
       Large shield      |       |       |       |   663 ||   663
